ORI
UNIVERSITY OF MINNESOTA GOLDEN GOPHERS @ FLORIDA STATE UNIVERSITY SEMINOLES
08/31/2044
 
TOP OF THE 1ST
University of Minnesota Golden Gophers batting - Pitching for Florida State University Seminoles : RHP Lupe Barrera
Pitching: RHP Lupe Barrera
Batting: RHB Eric Tesler 0-0: Ball
1-0: Ball
2-0: DOUBLE (Line Drive, 89D, EV 113.1 MPH)
Batting: LHB Yomas Rodriguez 0-0: Ball
1-0: Foul Ball, location: 2F
1-1: Ground out U3 (Groundball, 3, EV 92.5 MPH)
Eric Tesler to third
Batting: RHB Roberto Rios 0-0: Fly out, F9 (Flyball, 89M, EV 88.8 MPH)
Runner from 3rd tags up, SCORES, throw by RF
Batting: RHB Willie Camacho 0-0: Ball
1-0: Ground out 5-3 (Groundball, 5, EV 81.9 MPH)
Top of the 1st over - 1 run, 1 hit, 0 errors, 0 left on base; University of Minnesota 1 - Florida State University 0
BOTTOM OF THE 1ST
Florida State University Seminoles batting - Pitching for University of Minnesota Golden Gophers : RHP Julio Trejo
Pitching: RHP Julio Trejo
Batting: SHB Alex Noval 0-0: Ball
1-0: Swinging Strike
1-1: Called Strike
1-2: Strikes out swinging
Batting: RHB Efrain Cedeno 0-0: Called Strike
0-1: Ball
1-1: Ball
2-1: Foul Ball, location: 2F
2-2: SINGLE (Groundball, 5S, EV 74.4 MPH) (infield hit)
Batting: SHB Nadhir Umayr 0-0: Foul Ball, location: 2F
0-1: Ball
1-1: Foul Ball, location: 2F
1-2: Ball
2-2: Reached on error, E5 (Groundball, 5, EV 103.1 MPH)
Efrain Cedeno to second
Batting: RHB Rafael Gil 0-0: Swinging Strike
0-1: Called Strike
0-2: Strikes out swinging
Batting: LHB Raul Maldonado 0-0: Called Strike
0-1: Ball
1-1: Ball
2-1: Ball
3-1: Foul Ball, location: 2F
3-2: Strikes out swinging, 2-3 out at first.
Bottom of the 1st over - 0 runs, 1 hit, 1 error, 2 left on base; University of Minnesota 1 - Florida State University 0
TOP OF THE 2ND
University of Minnesota Golden Gophers batting - Pitching for Florida State University Seminoles : RHP Lupe Barrera
Batting: RHB Rory Cobb 0-0: Ball
1-0: Fly out, F8 (Line Drive, 8LD, EV 98.1 MPH)
Batting: LHB Shohei Nishi 0-0: Ball
1-0: Swinging Strike
1-1: Foul Ball, location: 2F
1-2: Strikes out swinging
Batting: RHB Curtis Montgomery 0-0: Called Strike
0-1: Fly out, F7 (Flyball, 7, EV 90.6 MPH)
Top of the 2nd over - 0 runs, 0 hits, 0 errors, 0 left on base; University of Minnesota 1 - Florida State University 0
BOTTOM OF THE 2ND
Florida State University Seminoles batting - Pitching for University of Minnesota Golden Gophers : RHP Julio Trejo
Batting: RHB Victor Ramirez 0-0: Ball
1-0: Called Strike
1-1: Fly out, F9 (Flyball, 9LM, EV 93.8 MPH)
Batting: RHB Brad Brady 0-0: Ground out 6-3 (Groundball, 6, EV 93.8 MPH)
Batting: RHB Israel Quinteros 0-0: Called Strike
0-1: Fly out, F5 (Line Drive, 5, EV 75.6 MPH)
Bottom of the 2nd over - 0 runs, 0 hits, 0 errors, 0 left on base; University of Minnesota 1 - Florida State University 0
TOP OF THE 3RD
University of Minnesota Golden Gophers batting - Pitching for Florida State University Seminoles : RHP Lupe Barrera
Batting: SHB J.T. Ready 0-0: Called Strike
0-1: Swinging Strike
0-2: Strikes out looking
Batting: RHB Benjie Alejandro 0-0: Foul Ball, location: 2F
0-1: Called Strike
0-2: Ball
1-2: Foul Ball, location: 2F
1-2: Foul Ball, location: 2F
1-2: Reached on error, E6 (Groundball, 6D, EV 105.0 MPH)
Batting: RHB Eric Tesler 0-0: Grounds into double play, 6-4-3 (Groundball, 6, EV 86.9 MPH)
Top of the 3rd over - 0 runs, 0 hits, 1 error, 0 left on base; University of Minnesota 1 - Florida State University 0
BOTTOM OF THE 3RD
Florida State University Seminoles batting - Pitching for University of Minnesota Golden Gophers : RHP Julio Trejo
Batting: SHB Ed Mosqueda 0-0: Foul Ball, location: 2F
0-1: Ground out 4-3 (Groundball, 4, EV 91.3 MPH)
Batting: SHB Alex Noval 0-0: Ground out 4-3 (Groundball, 34, EV 101.9 MPH)
Batting: RHB Efrain Cedeno 0-0: Foul Ball, location: 2F
0-1: SINGLE (Groundball, 34D, EV 98.1 MPH)
Batting: SHB Nadhir Umayr 0-0: Ball
1-0: Ball
2-0: Swinging Strike
2-1: Foul Ball, location: 2F
2-2: Strikes out swinging
Bottom of the 3rd over - 0 runs, 1 hit, 0 errors, 1 left on base; University of Minnesota 1 - Florida State University 0
TOP OF THE 4TH
University of Minnesota Golden Gophers batting - Pitching for Florida State University Seminoles : RHP Lupe Barrera
Batting: LHB Yomas Rodriguez 0-0: Called Strike
0-1: Ball
1-1: Swinging Strike
1-2: Ball
2-2: Foul Ball, location: 2F
2-2: Strikes out swinging
Batting: RHB Roberto Rios 0-0: Ball
1-0: Ball
2-0: Fly out, F3 (Flyball, 3D, EV 90.0 MPH)
Batting: RHB Willie Camacho 0-0: Ball
1-0: Foul Ball, location: 2F
1-1: Ball
2-1: Ball
3-1: Base on Balls
Batting: RHB Rory Cobb 0-0: Ball
1-0: Swinging Strike
1-1: Ball
2-1: Ball
3-1: Base on Balls
Willie Camacho to second
Batting: LHB Shohei Nishi 0-0: Foul Ball, location: 2F
0-1: Fly out, F8 (Flyball, 8RS, EV 90.0 MPH)
Top of the 4th over - 0 runs, 0 hits, 0 errors, 2 left on base; University of Minnesota 1 - Florida State University 0
BOTTOM OF THE 4TH
Florida State University Seminoles batting - Pitching for University of Minnesota Golden Gophers : RHP Julio Trejo
Batting: RHB Rafael Gil 0-0: Called Strike
0-1: Foul Ball, location: 2F
0-2: Foul Ball, location: 2F
0-2: Fly out, F8 (Flyball, 8LS, EV 89.4 MPH)
Batting: LHB Raul Maldonado 0-0: Fly out, F7 (Flyball, 7LM, EV 86.9 MPH)
Batting: RHB Victor Ramirez 0-0: Foul Ball, location: 2F
0-1: Ball
1-1: Called Strike
1-2: Ball
2-2: SINGLE (Groundball, 34D, EV 110.0 MPH)
Batting: RHB Brad Brady 0-0: Called Strike
0-1: SINGLE (Groundball, 6D, EV 100.0 MPH)
Victor Ramirez to second
Batting: RHB Israel Quinteros 0-0: Ball
1-0: Ball
2-0: Called Strike
2-1: Foul Ball, location: 2F
2-2: Strikes out swinging
Bottom of the 4th over - 0 runs, 2 hits, 0 errors, 2 left on base; University of Minnesota 1 - Florida State University 0
TOP OF THE 5TH
University of Minnesota Golden Gophers batting - Pitching for Florida State University Seminoles : RHP Lupe Barrera
Batting: RHB Curtis Montgomery 0-0: Swinging Strike
0-1: Fly out, F7 (Flyball, 7, EV 91.9 MPH)
Batting: SHB J.T. Ready 0-0: Swinging Strike
0-1: Foul Ball, location: 2F
0-2: Strikes out swinging
Batting: RHB Benjie Alejandro 0-0: Foul Ball, location: 2F
0-1: Foul Ball, location: 2F
0-2: Ground out 6-3 (Groundball, 6, EV 100.6 MPH)
Top of the 5th over - 0 runs, 0 hits, 0 errors, 0 left on base; University of Minnesota 1 - Florida State University 0
BOTTOM OF THE 5TH
Florida State University Seminoles batting - Pitching for University of Minnesota Golden Gophers : RHP Julio Trejo
Batting: SHB Ed Mosqueda 0-0: Ball
1-0: Ball
2-0: Ball
3-0: Base on Balls
Batting: SHB Alex Noval 0-0: Ball
1-0: Fly out, F9 (Flyball, 9LM, EV 96.3 MPH)
Batting: RHB Efrain Cedeno 0-0: Ball
1-0: SINGLE (Line Drive, 6M, EV 106.9 MPH)
Ed Mosqueda to second
Batting: SHB Nadhir Umayr 0-0: Called Strike
0-1: Ball
1-1: Ball
2-1: Ball
3-1: Base on Balls
Ed Mosqueda to third
Efrain Cedeno to second
Batting: RHB Rafael Gil 0-0: Ball
1-0: Called Strike
1-1: Ball
2-1: Foul Ball, location: 2F
2-2: Foul Ball, location: 2F
2-2: Foul Ball, location: 2F
2-2: Ball
3-2: Base on Balls
Ed Mosqueda scores
Efrain Cedeno to third
Nadhir Umayr to second
Pitching: RHP Bobby Nestor
Pinch Hitting: RHB Bill Nguyen-Tan 0-0: Called Strike
0-1: Foul Ball, location: 2F
0-2: Ball
1-2: Ball
2-2: Ball
3-2: Foul Ball, location: 2F
3-2: Fly out, F4 (Flyball, 4D, EV 91.3 MPH)
Batting: RHB Victor Ramirez 0-0: Ball
1-0: Fly out, F6 (Line Drive, 6, EV 63.8 MPH)
Bottom of the 5th over - 1 run, 1 hit, 0 errors, 3 left on base; University of Minnesota 1 - Florida State University 1
TOP OF THE 6TH
University of Minnesota Golden Gophers batting - Pitching for Florida State University Seminoles : RHP Lupe Barrera
Now in RF: Bill Nguyen-Tan
Batting: RHB Eric Tesler 0-0: Ball
1-0: Called Strike
1-1: Ball
2-1: Ball
3-1: Ground out 5-3 (Groundball, 56, EV 82.5 MPH)
Batting: LHB Yomas Rodriguez 0-0: Ball
1-0: Ball
2-0: Foul Ball, location: 2F
2-1: Foul Ball, location: 2F
2-2: SINGLE (Groundball, 4MD, EV 100.6 MPH)
Batting: RHB Roberto Rios 0-0: Fly out, F8 (Flyball, 8RM, EV 95.6 MPH)
Batting: RHB Willie Camacho 0-0: Ball
1-0: Foul Ball, location: 2F
1-1: Foul Ball, location: 2F
1-2: Ball
2-2: Strikes out looking
Top of the 6th over - 0 runs, 1 hit, 0 errors, 1 left on base; University of Minnesota 1 - Florida State University 1
BOTTOM OF THE 6TH
Florida State University Seminoles batting - Pitching for University of Minnesota Golden Gophers : RHP Bobby Nestor
Batting: RHB Brad Brady 0-0: Ball
1-0: Ball
2-0: Fly out, F9 (Flyball, 9S, EV 93.8 MPH)
Batting: RHB Israel Quinteros 0-0: Called Strike
0-1: Swinging Strike
0-2: Ball
1-2: Foul Ball, location: 2F
1-2: Ball
2-2: Ball
3-2: Foul Ball, location: 2F
3-2: Foul Ball, location: 2F
3-2: Ground out 6-3 (Groundball, 56D, EV 100.6 MPH)
Batting: SHB Ed Mosqueda 0-0: Foul Ball, location: 2F
0-1: Called Strike
0-2: Foul Ball, location: 2F
0-2: Foul Ball, location: 2F
0-2: Fly out, F6 (Popup, 6, EV 61.9 MPH)
Bottom of the 6th over - 0 runs, 0 hits, 0 errors, 0 left on base; University of Minnesota 1 - Florida State University 1
TOP OF THE 7TH
University of Minnesota Golden Gophers batting - Pitching for Florida State University Seminoles : RHP Lupe Barrera
Batting: RHB Rory Cobb 0-0: Ball
1-0: SINGLE (Groundball, 34D, EV 108.8 MPH)
Batting: LHB Shohei Nishi 0-0: Bunt missed!
0-1: Sac Bunt to 23 - play at first, batter OUT! 3-4
Rory Cobb to second
Pitching: RHP Bobby Altamirano
Batting: LHB Dean Bloemendal 0-0: Ball
1-0: Ball
2-0: Called Strike
2-1: Foul Ball, location: 2F
2-2: Ground out 4-3 (Groundball, 4, EV 110.0 MPH)
Rory Cobb to third
Pinch Hitting: RHB Tyler Arrington 0-0: Foul Ball, location: 2F
0-1: Swinging Strike
0-2: Foul Ball, location: 2F
0-2: Strikes out swinging
Top of the 7th over - 0 runs, 1 hit, 0 errors, 1 left on base; University of Minnesota 1 - Florida State University 1
BOTTOM OF THE 7TH
Florida State University Seminoles batting - Pitching for University of Minnesota Golden Gophers : RHP Bobby Nestor
Now at 1B: David Gomez
Pinch Hitting: LHB John Centner 0-0: Ball
1-0: SINGLE (Groundball, 15S, EV 63.8 MPH) (infield hit)
Batting: RHB Efrain Cedeno 0-0: Bunt missed!
0-1: Bunt missed!
0-2: Foul Ball, location: 2F
0-2: SINGLE (Groundball, 4MS, EV 70.6 MPH) (infield hit)
John Centner to second
Batting: SHB Nadhir Umayr 0-0: Foul Ball, location: 2F
0-1: Foul Ball, location: 2F
0-2: Ball
1-2: Foul Ball, location: 2F
1-2: Ball
2-2: Ball
3-2: Fielders Choice at 2nd, 3-6 (Groundball, 34, EV 85.6 MPH)
John Centner to third
Pinch Hitting: LHB Dong-u Chang 0-0: Foul Ball, location: 2F
0-1: Called Strike
0-2: Ball
1-2: Strikes out swinging
Batting: RHB Bill Nguyen-Tan 0-0: Swinging Strike
0-1: Foul Ball, location: 2F
0-2: Ball
1-2: Ball
2-2: Foul Ball, location: 2F
2-2: Ball
3-2: Foul Ball, location: 2F
3-2: Ground out 1-3 (Groundball, 13S, EV 71.9 MPH)
Bottom of the 7th over - 0 runs, 2 hits, 0 errors, 2 left on base; University of Minnesota 1 - Florida State University 1
TOP OF THE 8TH
University of Minnesota Golden Gophers batting - Pitching for Florida State University Seminoles : RHP Bobby Altamirano
Now in LF: John Centner
Now in CF: Joy-shan Li
Pinch Hitting: RHB Rafael Porter 0-0: Hit by Pitch
Batting: RHB Eric Tesler 0-0: Bunt missed!
0-1: Ball
1-1: Bunt missed!
1-2: Foul Ball, location: 2F
1-2: Ball
2-2: Strikes out swinging
Pinch Hitting: RHB Matthew LaPorte 0-0: Foul Ball, location: 2F
0-1: Foul Ball, location: 2F
0-2: Foul Ball, location: 2F
0-2: Ball
1-2: Ball
2-2: Foul Ball, location: 2F
2-2: Foul Ball, location: 2F
2-2: Foul Ball, location: 2F
2-2: Ball
3-2: Base on Balls
Rafael Porter to second
Pinch Hitting: SHB Mike Garvey 0-0: Foul Ball, location: 2F
0-1: Ball
1-1: Ball
2-1: Foul Ball, location: 2F
2-2: Strikes out swinging
Pinch Hitting: RHB Li He 0-0: Foul Ball, location: 2F
0-1: Swinging Strike
0-2: Foul Ball, location: 2F
0-2: Ball
1-2: Foul Ball, location: 2F
1-2: Ball
2-2: Foul Ball, location: 2F
2-2: Strikes out swinging
Top of the 8th over - 0 runs, 0 hits, 0 errors, 2 left on base; University of Minnesota 1 - Florida State University 1
BOTTOM OF THE 8TH
Florida State University Seminoles batting - Pitching for University of Minnesota Golden Gophers : RHP Bobby Nestor
Pitching: LHP James Reynolds
Now at C: Chris Arra
Now at 2B: Doug Gagliardi
Now at 3B: Alex Padilla
Now in LF: Rich Tarver
Batting: RHB Victor Ramirez 0-0: Ground out 6-3 (Groundball, 6, EV 100.6 MPH)
Batting: RHB Brad Brady 0-0: Foul Ball, location: 2F
0-1: DOUBLE (Groundball, 5L, EV 103.8 MPH)
Batting: RHB Israel Quinteros 0-0: Ball
1-0: Foul Ball, location: 2F
1-1: SINGLE (Line Drive, 6D, EV 95.6 MPH)
Brad Brady to third
Pinch Hitting: RHB Sal Guzman 0-0: Swinging Strike
0-1: Fly out, F9 (Flyball, 9LD, EV 109.4 MPH)
Runner from 3rd tags up, SCORES, no throw by RF
Batting: LHB John Centner 0-0: Ball
1-0: Ball
2-0: SINGLE (Groundball, 34D, EV 105.0 MPH)
Israel Quinteros to second
Runner from 2nd tries for 3rd, OUT! 9-5
Bottom of the 8th over - 1 run, 3 hits, 0 errors, 1 left on base; University of Minnesota 1 - Florida State University 2
TOP OF THE 9TH
University of Minnesota Golden Gophers batting - Pitching for Florida State University Seminoles : RHP Bobby Altamirano
Pitching: LHP Dzintars Balodis
Now at 1B: Jai-guo Bian
Now at 2B: Mark Conrad
Pinch Hitting: RHB Luis Monita 0-0: Called Strike
0-1: Ball
1-1: Foul Ball, location: 2F
1-2: Hit by Pitch
Batting: LHB Shohei Nishi 0-0: Bunted foul
0-1: Bunt missed!
0-2: Ball
1-2: SINGLE (Flyball, 3D, EV 94.4 MPH)
Luis Monita to second
Batting: RHB Nelson Calderon 0-0: Ball
1-0: Fielders Choice at 2nd, 6-4 (Groundball, 6, EV 81.3 MPH)
Luis Monita to third
Pinch Hitting: SHB Willie Balderas 0-0: Ball
1-0: Ball
2-0: Foul Ball, location: 2F
2-1: Swinging Strike
2-2: Foul Ball, location: 2F
2-2: Strikes out swinging
Batting: SHB Chris Arra 0-0: Ball
1-0: Ball
2-0: Called Strike
2-1: Foul Ball, location: 2F
2-2: Strikes out swinging
Top of the 9th over - 0 runs, 1 hit, 0 errors, 2 left on base; University of Minnesota 1 - Florida State University 2
Thursday, March 31st , 2022 - OOTP Baseball 22.12 Build 89